 Dungeon Crawl Stone Soup version 0.23.0 (webtiles) character file.

Game seed: 5266379690353555510

9081 poirepourri the Severer (level 11, 0/99 HPs)
             Began as a Minotaur Fighter on Feb 15, 2019.
             Was an Elder of Okawaru.
             Slain by a vampire (4 damage)
             ... on level 10 of the Dungeon.
             The game lasted 00:09:06 (7216 turns).

poirepourri the Severer (Minotaur Fighter)          Turns: 7216, Time: 00:09:07

Health: 0/99       AC: 14    Str: 21    XL:     11   Next: 18%
Magic:  10/10      EV:  8    Int:  5    God:    Okawaru [****..]
Gold:   134        SH: 15    Dex: 15    Spells: 10/10 levels left

rFire    . . .     SeeInvis .   E - +1 hand axe (vamp)
rCold    . . .     Gourm    .   c - +4 shield
rNeg     . . .     Faith    .   b - +0 scale mail
rPois    .         Spirit   .   D - +1 hat
rElec    .         Reflect  .   j - +1 cloak
rCorr    .         Harm     .   z - +0 pair of gloves {archery}
MR       .....                  (no boots)
Stlth    ..........             (no amulet)
HPRegen  0.26/turn              k - +3 ring of protection
MPRegen  0.12/turn              n - +2 ring of dexterity

@: no status effects
A: retaliatory headbutt, horns 2
a: Heroism, Renounce Religion


You were on level 10 of the Dungeon.
You worshipped Okawaru.
Okawaru was greatly pleased with you.
You were not hungry.

You visited 2 branches of the dungeon, and saw 11 of its levels.
You also visited: Ossuary.

You collected 620 gold pieces.
You spent 486 gold pieces at shops.

Inventory:

Hand Weapons
 a - a +1 war axe of draining
 E - a +1 vampiric hand axe (weapon)
Missiles
 w - 7 tomahawks of returning (quivered)
 A - 12 bolts
Armour
 b - a +0 scale mail (worn)
 c - a +4 shield (worn)
 j - a +1 cloak (worn)
 z - a +0 pair of gloves of archery (worn)
 D - a +1 hat (worn)
Jewellery
 k - a +3 ring of protection (left hand)
 n - a +2 ring of dexterity (right hand)
 x - an uncursed ring of poison resistance
 C - an uncursed ring of fire
Wands
 p - a wand of paralysis (12)
 r - a wand of polymorph (11)
 t - a wand of digging (8)
 v - a wand of enslavement (7)
 B - a wand of flame (15)
Scrolls
 g - 2 scrolls of fog
 h - 6 scrolls of remove curse
 l - 4 scrolls of teleportation
 q - a scroll of identify
 y - 2 scrolls of fear
Potions
 d - 5 potions of might
 e - 4 potions of curing
 i - a potion of flight
 m - 3 potions of haste
 o - a potion of berserk rage
 s - 2 potions of mutation
 u - a potion of heal wounds
Comestibles
 f - 16 rations


   Skills:
 - Level 10.0 Fighting
 - Level 16.8 Axes
 - Level 3.6 Armour
 + Level 6.3 Shields


You had 10 spell levels left.
You didn't know any spells.
Your spell library contained the following spells:

 Spells                   Type           Power        Failure   Level  Hunger
 Apportation              Tloc           #.....       99%         1    ##.....
 Summon Butterflies       Summ           #.......     99%         1    ##.....
 Lesser Beckoning         Tloc           #.........   100%        3    ####...
 Tukima's Dance           Hex            #.......     100%        3    ####...
 Alistair's Intoxication  Tmut/Pois      #.......     100%        5    ######.
 Invisibility             Hex            #.......     100%        6    #######


Dungeon Overview and Level Annotations

Branches:
Dungeon (10/15)            Temple (1/1) D:4            Lair (0/6) D:9
    Orc (0/2) D:9

Altars:
Ashenzari
Cheibriados
Dithmenos
Elyvilon
Fedhas
Gozag
Hepliaklqana
Kikubaaqudgha
Makhleb
Nemelex Xobeh
Okawaru
Qazlal
Ru
Sif Muna
Trog
Uskayaw
Vehumet
Wu Jian
Xom
Yredelemnul
Zin
The Shining One

Shops:
D:4 [   D:8 }*[%(


Innate Abilities, Weirdness & Mutations

You reflexively headbutt those who attack you in melee.
You have a pair of horns on your head.


Message History

Something draws strength from your injuries!
You hit something but do no damage. You hit something but do no damage.
Something hits you.
* * * LOW HITPOINT WARNING * * *
Something bites you.
* * * LOW HITPOINT WARNING * * *
Something draws strength from your injuries!
You completely miss something. Something hits you but does no damage.
Something bites you but does no damage.
You miss something. Your headbutt misses something.
You feel less confused.
You slash something! Something hits you.
* * * LOW HITPOINT WARNING * * *
Something bites you!
* * * LOW HITPOINT WARNING * * *
Something draws strength from your injuries!
You miss something. Something hits you but does no damage.
Something bites you but does no damage.
You miss something. Something hits you.
You die...

.........#...# ...
#.......#... ....
.#.........###...#
..........##.....
P.....†.......#
.............#
........†..#.# .
......###{## .......#
..##......@#
#####........ .
#.......##
##.<..#.......
..###...##
##.....##...... ...
##...#
#......##...... ..
##..###.....†##......
#..............†....
#.##................
#..###..............
... ###.............


There were no monsters in sight!

Vanquished Creatures
  Gastronok (D:8)
  A gargoyle (D:8)
  3 trolls (D:9)
  Prince Ribbit (D:8)
  A hippogriff (D:7)
  A yak (D:10)
  A water moccasin (D:10)
  8 orc warriors
  2 sky beasts
  2 ice beasts
  2 black bears
  A necrophage (D:5)
  8 ogres
  4 wolves (D:9)
  3 centaurs
  2 crocodiles
  2 big kobolds (D:9)
  5 bullfrogs
  3 gnoll sergeants (D:9)
  3 scorpions
  8 wights (D:9)
  8 killer bees
  2 vampire bats (D:2)
  2 electric eels (D:9)
  4 crimson imps
  A bullfrog zombie (D:10)
  3 jellies (D:9)
  6 hounds
  A centaur zombie (D:5)
  5 orc priests
  A bullfrog skeleton (D:4)
  12 orc wizards
  A centaur skeleton (D:9)
  2 iguanas
  6 worker ants
  A hound skeleton (D:10)
  8 mummies (Ossuary)
  A worker ant zombie (D:8)
  4 gnolls (D:9)
  9 adders
  2 shadow imps
  8 oozes
  An adder zombie (D:9)
  2 adder skeletons
  5 worms
  A dart slug (D:1)
  6 leopard geckos
  35 orcs
  7 bats
  4 bat skeletons (D:2)
  A bat zombie (D:2)
  4 giant cockroaches
  3 gnoll zombies (Ossuary)
  6 goblins
  9 hobgoblins
  19 jackals
  4 quokkas
  4 frilled lizards
  3 hobgoblin zombies (Ossuary)
  5 kobolds
  2 kobold zombies (Ossuary)
  A quokka skeleton (D:5)
  10 rats
281 creatures vanquished.

Vanquished Creatures (others)
  An orc wizard (D:9)
  An adder (D:9)
  An orc (D:9)
3 creatures vanquished.

Grand Total: 284 creatures vanquished

Notes
Turn   | Place    | Note
-------+----------+-------------------------------------------
     0 | D:1      | poirepourri the Minotaur Fighter began the quest for the
                  | Orb.
     0 | D:1      | Reached XP level 1. HP: 19/19 MP: 0/0
    88 | D:1      | Reached skill level 3 in Axes
   189 | D:1      | Reached XP level 2. HP: 25/26 MP: 1/1
   211 | D:1      | Reached skill level 4 in Axes
   409 | D:1      | Reached XP level 3. HP: 30/31 MP: 2/2
   835 | D:2      | Reached skill level 5 in Axes
   945 | D:2      | Found a snail-covered altar of Cheibriados.
   975 | D:2      | Reached XP level 4. HP: 39/39 MP: 3/3
  1229 | D:2      | Found an ancient bone altar of Kikubaaqudgha.
  1232 | D:2      | Reached skill level 6 in Axes
  1235 | D:2      | Reached XP level 5. HP: 35/45 MP: 4/4
  1421 | D:3      | Reached skill level 7 in Axes
  1481 | D:3      | Found a shimmering altar of Xom.
  1481 | D:3      | Found a shimmering altar of Xom.
  1482 | D:3      | Found a shimmering altar of Xom.
  1991 | D:4      | Reached XP level 6. HP: 43/51 MP: 5/5
  2019 | D:4      | Found a sand-covered staircase.
  2030 | Ossuary  | Entered an ossuary
  2046 | Ossuary  | Reached skill level 8 in Axes
  2342 | D:4      | Found a staircase to the Ecumenical Temple.
  2455 | D:4      | Reached skill level 9 in Axes
  2475 | D:4      | Found Ustacump's Antique Armour Emporium.
  2483 | D:4      | Bought a pair of runed gloves for 172 gold pieces
  2719 | D:5      | Entered Level 5 of the Dungeon
  2735 | D:5      | Reached XP level 7. HP: 56/57 MP: 6/6
  2797 | D:5      | Found a sparkling altar of Nemelex Xobeh.
  2826 | D:5      | Found a radiant altar of Vehumet.
  2833 | D:5      | Reached skill level 10 in Axes
  3002 | D:5      | Reached skill level 11 in Axes
  3168 | D:6      | Found a burning altar of Makhleb.
  3179 | D:6      | Reached XP level 8. HP: 26/62 MP: 7/7
  3609 | D:6      | Reached skill level 12 in Axes
  4103 | D:7      | Noticed a hippogriff
  4111 | D:7      | Killed a hippogriff
  4111 | D:7      | Reached skill level 13 in Axes
  4425 | D:7      | Reached XP level 9. HP: 67/70 MP: 8/8
  4555 | Temple   | Entered the Ecumenical Temple
  4572 | Temple   | Became a worshipper of Warmaster Okawaru
  4905 | D:8      | Reached skill level 14 in Axes
  4916 | D:8      | Found Otamel's Armour Boutique.
  4917 | D:8      | Found Fezoe's Gadget Shoppe.
  4918 | D:8      | Found Qesoddy's Food Shoppe.
  4931 | D:8      | Bought a ration for 60 gold pieces
  4931 | D:8      | Bought a ration for 60 gold pieces
  4952 | D:8      | Found Joshivao's Assorted Antiques.
  4956 | D:8      | Bought a scroll labeled GUKHYE UNURAWO for 26 gold pieces
  4981 | D:8      | Noticed Gastronok
  4982 | D:8      | Noticed a gargoyle
  4988 | D:8      | Killed a gargoyle
  4999 | D:8      | Killed Gastronok
  4999 | D:8      | Reached * piety under Okawaru
  4999 | D:8      | Reached skill level 16 in Axes
  4999 | D:8      | Reached XP level 10. HP: 35/77 MP: 9/9
  5016 | D:8      | Found Iwadiw's Antique Weapon Boutique.
  5019 | D:8      | Noticed Prince Ribbit
  5033 | D:8      | Killed Prince Ribbit
  5039 | D:8      | Bought a glowing hand axe for 168 gold pieces
  5279 | D:8      | Reached ** piety under Okawaru
  5958 | D:9      | Reached skill level 5 in Fighting
  5980 | D:9      | Found a staircase to the Lair.
  6343 | D:9      | Found a staircase to the Orcish Mines.
  6365 | D:9      | Reached *** piety under Okawaru
  6496 | D:9      | Found a blossoming altar of Fedhas.
  6514 | D:9      | Reached XP level 11. HP: 83/99 MP: 10/10
  6525 | D:9      | Reached skill level 10 in Fighting
  6614 | D:9      | Found a deep blue altar of Sif Muna.
  7015 | D:10     | Entered Level 10 of the Dungeon
  7040 | D:10     | Reached skill level 5 in Shields
  7088 | D:10     | Reached **** piety under Okawaru
  7214 | D:10     | HP: 4/99 [something (8)]
  7216 | D:10     | Slain by a vampire

Skill      XL: |  1  2  3  4  5  6  7  8  9 10 11 |
---------------+----------------------------------+-----
Axes           | 3 4 5 6 7 9 11 13 16 | 16.8
Fighting       | 9 10 | 10.0
Shields        | 6 |  6.3
Armour         | |  3.6

Action                   |  1- 3 |  4- 6 |  7- 9 | 10-12 || total
-------------------------+-------+-------+-------+-------++-------
Melee: War axe           |    83 |   155 |   193 |     9 ||   440
       Headbutt          |    12 |    28 |    42 |   115 ||   197
       Hand axe          |       |       |       |   454 ||   454
  Use: Scroll            |     7 |     7 |    15 |     2 ||    31
       Potion            |       |       |     4 |     5 ||     9
  Eat: Ration            |       |     3 |     1 |     4 ||     8
Armor: Scale mail        |    43 |    53 |    91 |   195 ||   382
Dodge: Dodged            |    25 |    38 |    42 |   101 ||   206
Block: Shield            |    46 |    97 |    97 |   313 ||   553
